 Dungeon Crawl Stone Soup version 0.32-a0-768-g0f6f1dd4b9 (webtiles) character file.

Game seed: 11494159248767828729

28 PriceMaster the Grave Robber (level 2, -1/19 HPs)
             Began as a Demonspawn Necromancer on Mar 18, 2024.
             Slain by a ribbon worm (4 damage)
             ... on level 2 of the Dungeon.
             The game lasted 00:01:04 (1334 turns).

PriceMaster the Grave Robber (DsNe)                 Turns: 1334, Time: 00:01:05

Health: -1/19      AC:  2    Str:  8    XL:     2   Next: 96%
Magic:  0/5        EV: 11    Int: 15    God:
Gold:   27         SH:  0    Dex: 13    Spells: 4/5 levels left

rFire   . . .        (no weapon)
rCold   . . .        (no shield)
rNeg    . . .        a - +0 robe
rPois   .            (no helmet)
rElec   .            (no cloak)
rCorr   .            (no gloves)
SInv    .            (no boots)
Will    .....        (no amulet)
Stlth   ++           (no ring)
HPRegen 0.23/turn    (no ring)
MPRegen 0.09/turn

%: no passive effects
@: no status effects
A: claws 1
a: no special abilities


You were on level 2 of the Dungeon.
You visited 1 branch of the dungeon, and saw 2 of its levels.

You collected 27 gold pieces.

Inventory:

Armour
 a - a +0 robe (worn)
Scrolls
 e - a scroll of amnesia {unknown}
Potions
 b - a potion of might {unknown}
 c - a potion of mutation {unknown}
 d - a potion of lignification {unknown}
 f - a potion of berserk rage {unknown}


   Skills:
 + Level 2.0 Dodging
 + Level 1.9 Stealth
 + Level 2.3 Spellcasting
 + Level 5.0 Necromancy


You had 4 spell levels left.
You knew the following spells:

 Your Spells              Type           Power      Damage    Failure   Level
a - Necrotise             Necr           64%        1d7       2%          1

Your spell library contained the following spells:

 Spells                   Type           Power      Damage    Failure   Level
 Vampiric Draining        Necr           16%        2d7       9%          3
 Animate Dead             Necr           16%        N/A       26%         4
 Curse of Agony           Necr           16%        N/A       58%         5


Dungeon Overview and Level Annotations

Branches:
Dungeon (2/15)

Altars:


Innate Abilities, Weirdness & Mutations

You have sharp fingernails.


Message History

The ribbon worm writhes in agony.
The ribbon worm expels a string of sticky webbing.
The stream of webbing hits you but does no damage.
You are caught in a web!
The ribbon worm writhes in agony.
The ribbon worm writhes in agony.
You are out of magic!
You are out of magic!
You are out of magic!
Okay, then.
Okay, then.
You struggle to detach yourself from the web.
You struggle to detach yourself from the web.
The ribbon worm expels a string of sticky webbing.
The stream of webbing hits you but does no damage.
You are even more entangled.
You struggle to detach yourself from the web.
The ribbon worm bites you.
The web tears apart.
The ribbon worm expels a string of sticky webbing.
The stream of webbing hits you but does no damage.
You are caught in a web!
The web tears apart.
You scratch the ribbon worm.
The ribbon worm is severely wounded.
The ribbon worm bites you!
You scratch the ribbon worm.
The ribbon worm is severely wounded.
The ribbon worm bites you.
You scratch the ribbon worm.
The ribbon worm is severely wounded.
The ribbon worm bites you.
* * * LOW HITPOINT WARNING * * *
Casting: Necrotise (safe; 2% risk of failure)
Confirm with . or Enter, or press ? or * to list all spells.
Aiming: Necrotise (safe; 2% risk of failure)
Press: ? - help, Shift-Dir - straight line, f/p - ribbon worm
Aim: a ribbon worm (severely wounded, catching its breath, chance to affect: 80%)
The ribbon worm writhes in agony.
The ribbon worm bites you.
You die...

#.###.###.#
####...) #)#
#.# #. .# #....
#.# #.# #.#
#.## #.... #.#
#.# #.# #...#
#.... #.# #.#
#.# ..... ##.##
#.# #.# #.#
.... ..... #.#
.# #.# #.. .
...... #.#
#.###.##.##...#
######## #.#
#......@w......
.......< #.#
#####.##.######
########
#.#######.# ##
#.........#
###########


You could see a ribbon worm (catching breath).

Vanquished Creatures
  3 ball pythons
  3 bats
  4 endoplasms
  A giant cockroach (D:1)
  3 hobgoblins
  2 quokkas
  A frilled lizard (D:1)
  A goblin (D:2)
  4 kobolds
  2 rats (D:1)
24 creatures vanquished.

Vanquished Creatures (collateral kills)
  A ball python (D:2)
1 creature vanquished.

Grand Total: 25 creatures vanquished

Notes
Turn   | Place    | Note
-------+----------+-------------------------------------------
     0 | D:1      | PriceMaster the Demonspawn Necromancer began the quest for
                  | the Orb.
     0 | D:1      | Reached XP level 1. HP: 13/13 MP: 3/3
   645 | D:1      | Gained mutation: You have sharp fingernails. [demonic
                  | ancestry]
   645 | D:1      | Reached XP level 2. HP: 19/19 MP: 3/5
  1099 | D:2      | Reached skill level 5 in Necromancy
  1334 | D:2      | Slain by a ribbon worm

Illustrated notes

Levels and vault maps discovered:
D:1:      scummos_arrival_forest, layout_loops_ring, kennysheep_small_spiral,
          chequers_serial_rivers_micro_b, nicolae_concentric_dashed_squares_mild
D:2:      layout_loops_ring

Skill      XL: |  1  2 |
---------------+-------+-----
Dodging        | 2 |  2.0
Necromancy     | 5 |  5.0
Stealth        | |  1.9
Spellcasting   | |  2.3

Action                     || total
---------------------------++-------
  Melee: Unarmed           ||     7
   Cast: Necrotise         ||    46
    Use: Potion            ||     1
 Armour: Robe              ||    18
  Dodge: Dodged            ||    17

Table legend: (Time is in decaauts)
 A = Elapsed time spent in this place.
 B = Non-inter-level travel time spent in this place.
 C = Inter-level travel time spent in this place.
 D = Time resting spent in this place.
 E = Time spent auto-exploring this place.
 F = Levels seen in this place.
 G = Mean time per level.
                   A        B        C        D        E       F      G
               +--------+--------+--------+--------+--------+-----+--------+
         Total |   1334 |   1309 |     25 |      0 |   1179 |   2 |  667.0 |
       Dungeon |   1334 |   1309 |     25 |      0 |   1179 |   2 |  667.0 |
               +--------+--------+--------+--------+--------+-----+--------+

Top non-repeatable levels by time:
     D:1: 964 daAuts
     D:2: 369 daAuts
